 Dungeon Crawl Stone Soup version 0.24-a0-170-gd8427f5 (webtiles) character file.

Game seed: 1495961108941090121

192 Dfrag the Firebug (level 5, -3/42 HPs)
             Began as a Naga Fire Elementalist on Mar 10, 2019.
             Slain by a crimson imp
             ... wielding a +0 morningstar
              (9 damage)
             ... on level 2 of the Dungeon.
             The game lasted 00:01:52 (1001 turns).

Dfrag the Firebug (Naga Fire Elementalist)          Turns: 1001, Time: 00:01:52

Health: -3/42      AC:  2    Str: 11    XL:     5   Next: 71%
Magic:  7/10       EV: 10    Int: 16    God:
Gold:   35         SH:  0    Dex: 11    Spells: 9/10 levels left

rFire    + . .     SeeInvis +   (no weapon)
rCold    + . .     Gourm    .   (no shield)
rNeg     . . .     Faith    .   a - +0 robe
rPois    +         Spirit   .   (no helmet)
rElec    +         Reflect  .   (no cloak)
rCorr    +         Harm     .   (no gloves)
MR       .....                  (no barding)
Stlth    ++........             (no amulet)
HPRegen  0.14/turn              (no ring)
MPRegen  0.12/turn              (no ring)

@: short of breath, resistant, very slow
A: large, see invisible, deformed body, poison resistance, slowness 2, slow
metabolism 1, spit poison 1, AC +1
a: Spit Poison


You were on level 2 of the Dungeon.
You were not hungry.

You visited 1 branch of the dungeon, and saw 2 of its levels.

You collected 35 gold pieces.

Inventory:

Armour
 a - a +0 robe (worn)
Jewellery
 f - a +3 amulet of reflection {unknown}
Scrolls
 d - 2 scrolls of magic mapping {unknown}
 e - 3 scrolls of identify {unknown}
 g - 2 scrolls of enchant armour {unknown}
 i - 2 scrolls of remove curse {unknown}
Potions
 h - a potion of curing {unknown}
Comestibles
 c - a ration


   Skills:
 - Level 1.5 Dodging
 - Level 3.0 Stealth
 + Level 3.4 Spellcasting
 + Level 3.1 Conjurations
 + Level 4.3 Fire Magic


You had 9 spell levels left.
You knew the following spells:

 Your Spells              Type           Power        Failure   Level  Hunger
a - Flame Tongue          Conj/Fire      ##...        3%          1    None

Your spell library contained the following spells:

 Spells                   Type           Power        Failure   Level  Hunger
 Throw Flame              Conj/Fire      ##....       6%          2    ##.....
 Conjure Flame            Conj/Fire      ##......     12%         3    ###....
 Inner Flame              Hex/Fire       #.......     22%         3    ###....
 Sticky Flame             Conj/Fire      ##......     36%         4    ####...
 Fireball                 Conj/Fire      ##........   71%         5    ######.


Dungeon Overview and Level Annotations

Branches:
Dungeon (2/15)

Altars:
Ashenzari


Innate Abilities, Weirdness & Mutations

You cannot wear boots.
Your serpentine skin is tough. (AC +1)
You have supernaturally acute eyesight. (SInv)
Armour fits poorly on your strangely shaped body.
Your system is resistant to poisons. (rPois)
You cover ground very slowly.
You have a slow metabolism.
You can spit poison.


Message History

A crimson imp is nearby!
The crimson imp blinks!
The crimson imp blinks!
A worm comes into view.
The crimson imp hits you with a +0 morningstar!
* * * LOW HITPOINT WARNING * * *
The crimson imp blinks!
The crimson imp blinks!
Press: ? - help, Shift-Dir - straight line, f - crimson imp
Aim: a crimson imp, wielding a +0 morningstar The splash of poison hits the crimson imp.
The crimson imp is lightly wounded.
You feel slightly more hungry.
Unknown command.
The crimson imp hits you with a +0 morningstar.
* * * LOW HITPOINT WARNING * * *
It was a potion of resistance.
You feel protected.
The crimson imp hits you with a +0 morningstar!
You die...

####.####.###.#####.#
..#......# #........
#.#.###### #######.#
###.#.## #.. #......#
####### ### #w###
#.#.#..## #.....# #
#....#ยง......####.....#
##
#........#5...........#
#.
.##...#.###@..####.....#
## ..### #.##..#.#
#.....# #
#...######.##.# #######
# #....#####..# #
####..)....## #
#....####### # #.).####
#.######### #######
#..## #.........#
#...... #.
#########.###.###.#


You could see a crimson imp.

Vanquished Creatures
  Sigmund (D:2)
  2 adders (D:2)
  3 giant cockroaches
  3 goblins (D:1)
  2 hobgoblins
  3 kobolds (D:1)
  2 bats (D:1)
  2 frilled lizards
  3 rats
21 creatures vanquished.

Notes
Turn   | Place    | Note
-------+----------+-------------------------------------------
     0 | D:1      | Dfrag the Naga Fire Elementalist began the quest for the
                  | Orb.
     0 | D:1      | Reached XP level 1. HP: 15/15 MP: 3/3
   334 | D:1      | Reached XP level 2. HP: 22/22 MP: 3/5
   741 | D:2      | Found a shattered altar of Ashenzari.
   780 | D:2      | Reached XP level 3. HP: 28/28 MP: 4/6
   925 | D:2      | Noticed Sigmund
   941 | D:2      | Killed Sigmund
   941 | D:2      | Reached skill level 4 in Fire Magic
   941 | D:2      | Reached XP level 4. HP: 9/36 MP: 1/9
   941 | D:2      | Reached XP level 5. HP: 11/42 MP: 1/10
  1001 | D:2      | Slain by a crimson imp

Levels and vault maps discovered:
D:1:      psy_arrival_terrarium, layout_loops_corners
D:2:      minmay_general_purpose_star, layout_loops_cross,
          nicolae_qazlal_general_emergency, nicolae_ashenzari_panopticon,
          uniq_terence, uniq_sigmund

Skill      XL: |  1  2  3 |
---------------+----------+-----
Spellcasting   | 3 |  3.4
Conjurations   | 3 |  3.1
Fire Magic     | 4 |  4.3
Dodging        | |  1.5
Stealth        | |  3.0

Action                   |  1- 3 |  4- 6 || total
-------------------------+-------+-------++-------
Melee: Unarmed           |     6 |       ||     6
 Cast: Flame Tongue      |    22 |     3 ||    25
 Abil: Spit Poison       |    17 |     2 ||    19
  Use: Potion            |       |     1 ||     1
  Eat: Chunk             |     1 |       ||     1
Armor: Robe              |     2 |       ||     2
Dodge: Dodged            |     7 |       ||     7

Table legend:
 A = Non-vault XP
 B = Vault XP
 C = Vault XP percentage of total XP
 D = Non-vault monster count
 E = Vault monster count
 F = Vault count percentage of total count
                 A         B        C        D         E       F
            +---------+---------+-------+---------+---------+-------
      Total |      42 |     233 |  84.7 |      19 |       2 |   9.5
            +---------+---------+-------+---------+---------+-------
        D:1 |      22 |       0 |   0.0 |      14 |       0 |   0.0
        D:2 |      20 |     233 |  92.1 |       5 |       2 |  28.6
            +---------+---------+-------+---------+---------+-------
